 Dungeon Crawl Stone Soup version 0.22-a0-410-g97be04f (webtiles) character file.

19839 Gorglomux the Prestidigitator (level 12, -8/92 HPs)
             Began as a Gnoll Artificer on May 11, 2018.
             Was an Initiate of Gozag.
             Mangled by a death yak (21 damage)
             ... on level 2 of the Lair of Beasts.
             The game lasted 00:38:09 (16359 turns).

Gorglomux the Prestidigitator (Gnoll Artificer)    Turns: 16359, Time: 00:38:09

Health: -8/92      AC: 12    Str: 23    XL:     12   Next: 73%
Magic:  23/23      EV: 19    Int: 16    God:    Gozag
Gold:   517        SH:  0    Dex: 23    Spells: 15/25 levels left

rFire    . . .     SeeInvis .   b - +5 war axe of Caqorch {venom, Str+3 Dex+2}
rCold    + + .     Gourm    .   (no shield)
rNeg     . . .     Faith    .   z - +1 ring mail of Indemnity {rElec MR+} (curse)
rPois    .         Spirit   .   Z - +2 helmet {Int+3}
rElec    +         Reflect  .   (no cloak)
rCorr    .         Harm     .   U - +0 pair of gloves
MR       ++...                  (no boots)
Stlth    ++++......             y - amulet of the acrobat
HPRegen  0.25/turn              p - ring of Hixzomesh {rElec rC++ Dex+5}
MPRegen  0.18/turn              m - ring of protection from magic

@: about to teleport
A: distributed training, fangs 1, strong nose
a: Potion Petition, Call Merchant, Bribe Branch, Renounce Religion


You were on level 2 of the Lair of Beasts.
You worshipped Gozag.
Gozag was pleased with you.
You were full.

You visited 3 branches of the dungeon, and saw 15 of its levels.

You collected 2672 gold pieces.
You spent 1381 gold pieces at shops.
You paid 774 gold pieces to Gozag.

Inventory:

Hand Weapons
 a - a +1 rapier of draining
 b - the +5 war axe of Caqorch (weapon) {venom, Str+3 Dex+2}
   (You found it on level 11 of the Dungeon)

   It poisons the flesh of those it strikes.
   It affects your strength (+3).
   It affects your dexterity (+2).
 v - a +0 shortbow
 w - a +0 falchion of flaming
 Y - a +3 hand axe of chopping
Missiles
 K - 194 arrows
Armour
 z - the cursed +1 ring mail of Indemnity (worn) {rElec MR+}
   (You found it on level 7 of the Dungeon)

   It insulates you from electricity.
   It affects your resistance to hostile enchantments.
   It has a curse placed upon it.
 C - a +0 buckler
 U - a +0 pair of gloves (worn)
 Z - a +2 helmet of intelligence (worn)
Jewellery
 c - an uncursed ring of protection from cold
 g - an uncursed ring of resist corrosion
 m - a ring of protection from magic (right hand)
 p - the ring of Hixzomesh (left hand) {rElec rC++ Dex+5}
   (You bought it in a shop on level 2 of the Lair of Beasts)

   [ring of dexterity]

   It affects your dexterity (+5).
   It greatly protects you from cold.
   It insulates you from electricity.
 y - an amulet of the acrobat (around neck)
Wands
 q - a wand of disintegration (19)
 A - a wand of acid (12)
 E - a wand of enslavement (4)
 H - a wand of flame (8)
 P - a wand of paralysis (14)
Scrolls
 r - a scroll of fog
 B - a scroll of blinking
 G - a scroll of immolation
 I - a scroll of enchant weapon
 J - 6 scrolls of remove curse
 M - a scroll of magic mapping
 R - 9 scrolls of identify
 T - 6 scrolls of teleportation
 V - 4 scrolls of amnesia
 X - 2 scrolls of noise
Potions
 t - a potion of agility
 u - a potion of berserk rage
 x - a potion of heal wounds {unknown}
 D - 3 potions of invisibility
 F - a potion of might
 L - 5 potions of flight
 N - 2 potions of lignification
 O - 7 potions of haste
 Q - 6 potions of curing
 W - 4 potions of brilliance
Comestibles
 f - 35 rations


   Skills:
 + Level 7.9 Fighting
 + Level 7.9 Short Blades
 + Level 7.4 Long Blades
 + Level 7.4 Axes
 + Level 7.4 Maces & Flails
 + Level 7.4 Polearms
 + Level 7.4 Staves
 + Level 7.4 Slings
 + Level 7.4 Bows
 + Level 7.4 Crossbows
 + Level 7.4 Throwing
 + Level 7.4 Armour
 + Level 8.8 Dodging
 + Level 7.8 Stealth
 + Level 7.4 Shields
 + Level 7.4 Unarmed Combat
 + Level 7.4 Spellcasting
 + Level 6.1 Conjurations
 + Level 6.1 Hexes
 + Level 6.1 Charms
 + Level 6.1 Summonings
 + Level 6.1 Necromancy
 + Level 6.1 Translocations
 + Level 6.1 Transmutations
 + Level 6.1 Fire Magic
 + Level 6.1 Ice Magic
 + Level 6.1 Air Magic
 + Level 6.1 Earth Magic
 + Level 6.1 Poison Magic
 + Level 8.1 Invocations
 + Level 9.9 Evocations


You had 15 spell levels left.
You knew the following spells:

 Your Spells              Type           Power        Failure   Level  Hunger
a - Call Imp              Summ           ####....     1%          2    None
d - Blink                 Tloc           N/A          1%          2    None
j - Conjure Flame         Conj/Fire      ####....     4%          3    ##.....
m - Mephitic Cloud        Conj/Pois/Air  ####....     4%          3    ##.....


Dungeon Overview and Level Annotations

Branches:
Dungeon (12/15)            Temple (1/1) D:5            Lair (2/6) D:10
 Shoals (0/4) Lair:2          Orc (0/2) D:10
  Snake: Lair:2-4    Spider: Lair:2-4

Altars:
Ashenzari
Cheibriados
Dithmenos
Elyvilon
Fedhas
Gozag
Hepliaklqana
Kikubaaqudgha
Makhleb
Nemelex Xobeh
Okawaru
Qazlal
Ru
Sif Muna
Trog
Uskayaw
Vehumet
Wu Jian
Xom
Yredelemnul
Zin
The Shining One
Beogh
Lugonu

Shops:
D:6 (   Lair:2 =

Annotations:
D:3 exclusion: door
D:6 2 transporters
Lair:1 exclusion: oklob plant


Innate Abilities, Weirdness & Mutations

Your experience applies equally to all skills.
You have very sharp teeth.
Your uncanny sense of smell can sniff out nearby items.


Message History

* * * don'butt die
* * * The death yak looks more healthy!
You butt butt 20 gold pieces!
You see here 6 gold pieces!
Found a golden potion!
The death yak bellows!!!
Butt hear a bellow!!!
The death yak completely misses you!
The death yak bellows!!!
Casting: Conjure Flame (safe; 4% risk of failure)
Confirm with ! or Enter, or butts ? or * to list all spells!
Okay, then!
The butt yak misses you!
An eight-headed hydra comes into view!
Unknown command!
As you read the scroll of teleportation, butt crumbles to dust!
You feel strangely unstable!
The death yak gores you!!! * * * don't die
* * * The death yak gores you!!!!!! rip Your body crumbles into a pile of gold!

#..........# #.P
####.........####.P
#.............#...#
.....#..........##..###
...........Y....##..#P######
...#........Y...###...#..#.## ##
..##.###.........#..........###P
.. ## ##....YYY.....D..........
##.....@................
##.....###..#P....####.
##....###.[....### ##
#######.#.....# ## ##......# #.
#.......# ## #.......### #.
##........# #. #.#......## #.


You could see 5 death yaks and an eight-headed hydra (wandering).

Vanquished Creatures
  A hydra (D:10)
  Harold (Lair:1)
  3 two-headed ogres
  A death yak (Lair:2)
  An unseen horror (D:11)
  An ugly thing (D:11)
  A spiny frog (D:10)
  A black mamba (Lair:2)
  A gargoyle (D:11)
  A komodo dragon (Lair:1)
  A queen bee (D:10)
  The ghost of mortelune the Firebug, a novice DEFE of Ru (D:5)
  5 trolls
  A hornet (D:10)
  The ghost of wazuzu the Insei, an amateur OpTm (D:3)
  3 hippogriffs
  2 dream sheep (D:10)
  3 orc warriors
  A shadow (D:11)
  A wraith (D:10)
  2 wyverns (D:10)
  12 yaks
  An acid dragon (D:11)
  2 water moccasins (Lair:1)
  8 porcupines
  3 sky beasts
  2 black bears
  18 wolves
  3 ice beasts
  3 phantoms
  4 ogres
  3 crocodiles
  9 centaurs
  3 big kobolds (D:10)
  10 bullfrogs
  2 gnoll sergeants
  3 scorpions
  A water moccasin skeleton (D:7)
  3 wights (D:6)
  17 killer bees
  A centaur zombie (D:10)
  4 howler monkeys
  4 crimson imps
  2 bullfrog zombies
  6 hounds
  6 orc priests
  5 jellies
  2 centaur skeletons
  An iguana (D:11)
  2 bullfrog skeletons
  10 orc wizards
  9 worker ants
  Natasha (D:4)
  A hound zombie (D:11)
  A hound skeleton (D:9)
  2 howler monkey skeletons
  8 gnolls
  8 adders
  A worm (D:3)
  An adder skeleton (D:8)
  4 dart slugs
  5 leopard geckos
  29 orcs
  5 bats
  2 giant cockroaches (D:5)
  13 goblins
  7 hobgoblins
  19 jackals
  3 kobolds
  2 quokkas
  2 ball pythons
  A ball python skeleton (D:4)
  5 frilled lizards
  A giant cockroach zombie (D:5)
  2 quokka zombies
  8 rats
  A fungus (Lair:2)
  A plant (Lair:1)
325 creatures vanquished.

Vanquished Creatures (collateral kills)
  An ugly thing (D:11)
  A yak (D:9)
  A scorpion (D:8)
  5 killer bees (D:10)
  3 wights (D:9)
  2 orc priests
  A jelly (D:10)
  2 orc wizards
  A worker ant (D:4)
  A gnoll (D:8)
  2 orcs
20 creatures vanquished.

Vanquished Creatures (others)
  An orc (D:2)
  50 fungi (D:10)
  25 plants
76 creatures vanquished.

Grand Total: 421 creatures vanquished

Notes
Turn   | Place    | Note
-------+----------+-------------------------------------------
     0 | D:1      | Gorglomux the Gnoll Artificer began the quest for the Orb.
     0 | D:1      | Reached XP level 1. HP: 17/17 MP: 4/4
   268 | D:1      | Reached XP level 2. HP: 14/23 MP: 6/6
   774 | D:1      | Reached XP level 3. HP: 28/28 MP: 7/7
  1002 | D:2      | Found a white marble altar of Elyvilon.
  1311 | D:2      | Found a shattered altar of Ashenzari.
  1423 | D:2      | Reached skill level 1 in Invocations
  1701 | D:2      | Reached skill level 1 in Long Blades
  1701 | D:2      | Reached skill level 1 in Axes
  1701 | D:2      | Reached skill level 1 in Maces & Flails
  1701 | D:2      | Reached skill level 1 in Polearms
  1701 | D:2      | Reached skill level 1 in Staves
  1701 | D:2      | Reached skill level 1 in Slings
  1701 | D:2      | Reached skill level 1 in Bows
  1701 | D:2      | Reached skill level 1 in Crossbows
  1701 | D:2      | Reached skill level 1 in Throwing
  1701 | D:2      | Reached skill level 1 in Armour
  1701 | D:2      | Reached skill level 1 in Shields
  1701 | D:2      | Reached skill level 1 in Unarmed Combat
  1701 | D:2      | Reached skill level 1 in Spellcasting
  1966 | D:2      | Reached XP level 4. HP: 13/34 MP: 8/8
  2349 | D:3      | Reached skill level 1 in Conjurations
  2349 | D:3      | Reached skill level 1 in Hexes
  2349 | D:3      | Reached skill level 1 in Charms
  2349 | D:3      | Reached skill level 1 in Summonings
  2349 | D:3      | Reached skill level 1 in Necromancy
  2349 | D:3      | Reached skill level 1 in Translocations
  2349 | D:3      | Reached skill level 1 in Transmutations
  2349 | D:3      | Reached skill level 1 in Fire Magic
  2349 | D:3      | Reached skill level 1 in Ice Magic
  2349 | D:3      | Reached skill level 1 in Air Magic
  2349 | D:3      | Reached skill level 1 in Earth Magic
  2349 | D:3      | Reached skill level 1 in Poison Magic
  2672 | D:3      | Noticed wazuzu's ghost (amateur OpTm)
  2698 | D:3      | Killed wazuzu's ghost
  2698 | D:3      | Reached skill level 3 in Fighting
  2698 | D:3      | Reached skill level 3 in Short Blades
  2698 | D:3      | Reached skill level 3 in Stealth
  2698 | D:3      | Reached XP level 5. HP: 14/41 MP: 8/10
  2698 | D:3      | Reached XP level 6. HP: 16/47 MP: 8/11
  3150 | D:3      | Found a roughly hewn altar of Beogh.
  3902 | D:4      | Found a radiant altar of Vehumet.
  3936 | D:4      | Reached XP level 7. HP: 37/52 MP: 12/12
  4052 | D:4      | Reached skill level 7 in Evocations
  5057 | D:4      | Reached skill level 3 in Invocations
  5215 | D:4      | Learned a level 2 spell: Call Imp
  5218 | D:4      | Learned a level 2 spell: Blink
  5276 | D:4      | Noticed Natasha
  5294 | D:4      | Killed Natasha
  5481 | D:5      | Entered Level 5 of the Dungeon
  5512 | D:5      | Reached XP level 8. HP: 45/60 MP: 13/13
  5543 | D:5      | Found a shimmering altar of Xom.
  5607 | D:5      | Found a sacrificial altar of Ru.
  5644 | D:5      | Noticed mortelune's ghost (novice DEFE)
  5744 | D:5      | Killed mortelune's ghost
  5744 | D:5      | Reached skill level 3 in Long Blades
  5744 | D:5      | Reached skill level 3 in Axes
  5744 | D:5      | Reached skill level 3 in Maces & Flails
  5744 | D:5      | Reached skill level 3 in Polearms
  5744 | D:5      | Reached skill level 3 in Staves
  5744 | D:5      | Reached skill level 3 in Slings
  5744 | D:5      | Reached skill level 3 in Bows
  5744 | D:5      | Reached skill level 3 in Crossbows
  5744 | D:5      | Reached skill level 3 in Throwing
  5744 | D:5      | Reached skill level 3 in Armour
  5744 | D:5      | Reached skill level 3 in Shields
  5744 | D:5      | Reached skill level 3 in Unarmed Combat
  5744 | D:5      | Reached skill level 3 in Spellcasting
  5824 | D:5      | Found a staircase to the Ecumenical Temple.
  5833 | Temple   | Entered the Ecumenical Temple
  5887 | Temple   | Became a worshipper of Gozag Ym Sagoz the Greedy
  5924 | D:5      | Found a shadowy altar of Dithmenos.
  5927 | D:5      | Found a bloodstained altar of Trog.
  5930 | D:5      | Found a deep blue altar of Sif Muna.
  6745 | D:6      | Found a transporter.
  6847 | D:6      | Found a transporter.
  7112 | D:6      | Noticed a gargoyle
  7112 | D:6      | Noticed a wizard
  7121 | D:6      | Found a snail-covered altar of Cheibriados.
  7270 | D:6      | Reached skill level 3 in Conjurations
  7270 | D:6      | Reached skill level 3 in Hexes
  7270 | D:6      | Reached skill level 3 in Charms
  7270 | D:6      | Reached skill level 3 in Summonings
  7270 | D:6      | Reached skill level 3 in Necromancy
  7270 | D:6      | Reached skill level 3 in Translocations
  7270 | D:6      | Reached skill level 3 in Transmutations
  7270 | D:6      | Reached skill level 3 in Fire Magic
  7270 | D:6      | Reached skill level 3 in Ice Magic
  7270 | D:6      | Reached skill level 3 in Air Magic
  7270 | D:6      | Reached skill level 3 in Earth Magic
  7270 | D:6      | Reached skill level 3 in Poison Magic
  7286 | D:6      | Reached skill level 6 in Dodging
  7286 | D:6      | Reached XP level 9. HP: 49/66 MP: 14/14
  7511 | D:6      | Found Arona's Weapon Emporium.
  8056 | D:7      | Got a twisted ring mail
  8067 | D:7      | Identified the cursed +1 ring mail of Indemnity {rElec MR+} (You found it on level 7 of the Dungeon)
  8173 | D:7      | Found a hide-covered altar of Uskayaw.
  8336 | D:7      | Identified the Catalogue of Excruciating Clay
  9079 | D:8      | Reached skill level 8 in Evocations
  9538 | D:8      | Reached XP level 10. HP: 69/74 MP: 17/17
  9776 | D:9      | Noticed a two-headed ogre
  9790 | D:9      | Killed a two-headed ogre
 10188 | D:9      | Learned a level 3 spell: Mephitic Cloud
 10192 | D:9      | Learned a level 3 spell: Conjure Flame
 10228 | D:9      | Found a stormy altar of Qazlal.
 10238 | D:9      | Found a sparkling altar of Nemelex Xobeh.
 10239 | D:9      | Found an iron altar of Okawaru.
 10239 | D:9      | Found a glowing silver altar of Zin.
 10239 | D:9      | Found a sacrificial altar of Ru.
 10320 | D:9      | Noticed a two-headed ogre
 10382 | D:9      | Killed a two-headed ogre
 10382 | D:9      | Reached skill level 6 in Fighting
 10382 | D:9      | Reached skill level 6 in Short Blades
 10382 | D:9      | Reached skill level 6 in Stealth
 10382 | D:9      | Reached skill level 6 in Invocations
 10971 | D:10     | Entered Level 10 of the Dungeon
 11101 | D:10     | Reached XP level 11. HP: 59/82 MP: 19/19
 11298 | D:10     | Noticed a three-headed hydra
 11309 | D:10     | Killed a one-headed hydra
 11453 | D:10     | Reached skill level 9 in Evocations
 11683 | D:10     | Found a staircase to the Lair.
 11702 | D:10     | Reached skill level 6 in Long Blades
 11702 | D:10     | Reached skill level 6 in Axes
 11702 | D:10     | Reached skill level 6 in Maces & Flails
 11702 | D:10     | Reached skill level 6 in Polearms
 11702 | D:10     | Reached skill level 6 in Staves
 11702 | D:10     | Reached skill level 6 in Slings
 11702 | D:10     | Reached skill level 6 in Bows
 11702 | D:10     | Reached skill level 6 in Crossbows
 11702 | D:10     | Reached skill level 6 in Throwing
 11702 | D:10     | Reached skill level 6 in Armour
 11702 | D:10     | Reached skill level 6 in Shields
 11702 | D:10     | Reached skill level 6 in Unarmed Combat
 11702 | D:10     | Reached skill level 6 in Spellcasting
 12240 | D:10     | Found a staircase to the Orcish Mines.
 12555 | D:10     | Noticed a two-headed ogre
 12567 | D:10     | Killed a two-headed ogre
 12825 | D:10     | Found a roughly hewn altar of Beogh.
 13235 | D:11     | Noticed a cyan ugly thing
 13326 | D:11     | Killed an unseen horror
 13715 | D:11     | Noticed a purple ugly thing
 13732 | D:11     | Killed a purple ugly thing
 13898 | D:11     | Got a crude war axe
 13899 | D:11     | Identified the +5 war axe of Caqorch {venom, Str+3 Dex+2} (You found it on level 11 of the Dungeon)
 13920 | D:11     | Reached XP level 12. HP: 82/91 MP: 22/22
 14341 | D:11     | HP: 4/91 [cyan ugly thing (5)]
 15184 | Lair:1   | Entered Level 1 of the Lair of Beasts
 15184 | Lair:1   | Noticed Harold
 15195 | Lair:1   | Killed Harold
 15321 | Lair:1   | Reached skill level 6 in Conjurations
 15321 | Lair:1   | Reached skill level 6 in Hexes
 15321 | Lair:1   | Reached skill level 6 in Charms
 15321 | Lair:1   | Reached skill level 6 in Summonings
 15321 | Lair:1   | Reached skill level 6 in Necromancy
 15321 | Lair:1   | Reached skill level 6 in Translocations
 15321 | Lair:1   | Reached skill level 6 in Transmutations
 15321 | Lair:1   | Reached skill level 6 in Fire Magic
 15321 | Lair:1   | Reached skill level 6 in Ice Magic
 15321 | Lair:1   | Reached skill level 6 in Air Magic
 15321 | Lair:1   | Reached skill level 6 in Earth Magic
 15321 | Lair:1   | Reached skill level 6 in Poison Magic
 16100 | Lair:2   | Bought the ring of Hixzomesh {rElec rC++ Dex+5} for 1381 gold pieces
 16241 | Lair:2   | Noticed a death yak
 16241 | Lair:2   | Noticed a death yak
 16242 | Lair:2   | Noticed a death yak
 16242 | Lair:2   | Noticed a death yak
 16243 | Lair:2   | Noticed a death yak
 16245 | Lair:2   | Noticed a death yak
 16256 | Lair:2   | Killed a death yak
 16316 | Lair:2   | Found a staircase to the Shoals.
 16359 | Lair:2   | Noticed an eight-headed hydra
 16359 | Lair:2   | Mangled by a death yak

Vault maps used:
D:1:      saegor_arrival_simple_c
D:2:      elyvilon_altar_1, ashenzari_altar_1, kennysheep_generic_room_2
D:3:      kennysheep_orc_chapel
D:4:      overflow_temple_1_default, minmay_mini_jars, uniq_natasha
D:5:      lemuel_coloured_pillars_altar, grunt_temple_overflow_diamond,
          minmay_temple_entry_butterflies, first_ration, nicolae_ru_awakened_eye
D:6:      gammafunk_temple_overflow_arena, serial_shops, shop
D:7:      lemuel_crystal_altar
D:9:      grunt_temple_overflow_open
D:10:     due_lair_maze_entry_diamond, minmay_orc_entry_temple_small,
          special_room, hangedman_ranch
D:12:     enter_bailey_8, mrwooster_statue_mirror
Temple:   corrupted_temple
Lair:1:   grunt_forest_large_clearings, grunt_megastairs_5, lemuel_fruit_tree,
          minmay_lair_oklob_chamber, infiniplex_staircase_pool_2, uniq_harold
Lair:2:   shoals_dummy_entry, minivault_24, serial_bayou_shore_a,
          infiniplex_staircase_pool

Skill      XL: |  1  2  3  4  5  6  7  8  9 10 11 12 |
---------------+-------------------------------------+-----
Invocations    | 1 2 3 4 5 6 7 8 |  8.1
Long Blades    | 1 2 3 4 5 6 7 |  7.4
Axes           | 1 2 3 4 5 6 7 |  7.4
Maces & Flails | 1 2 3 4 5 6 7 |  7.4
Polearms       | 1 2 3 4 5 6 7 |  7.4
Staves         | 1 2 3 4 5 6 7 |  7.4
Slings         | 1 2 3 4 5 6 7 |  7.4
Bows           | 1 2 3 4 5 6 7 |  7.4
Crossbows      | 1 2 3 4 5 6 7 |  7.4
Throwing       | 1 2 3 4 5 6 7 |  7.4
Armour         | 1 2 3 4 5 6 7 |  7.4
Shields        | 1 2 3 4 5 6 7 |  7.4
Unarmed Combat | 1 2 3 4 5 6 7 |  7.4
Spellcasting   | 1 2 3 4 5 6 7 |  7.4
Conjurations   | 1 2 3 4 5 6 |  6.1
Hexes          | 1 2 3 4 5 6 |  6.1
Charms         | 1 2 3 4 5 6 |  6.1
Summonings     | 1 2 3 4 5 6 |  6.1
Necromancy     | 1 2 3 4 5 6 |  6.1
Translocations | 1 2 3 4 5 6 |  6.1
Transmutations | 1 2 3 4 5 6 |  6.1
Fire Magic     | 1 2 3 4 5 6 |  6.1
Ice Magic      | 1 2 3 4 5 6 |  6.1
Air Magic      | 1 2 3 4 5 6 |  6.1
Earth Magic    | 1 2 3 4 5 6 |  6.1
Poison Magic   | 1 2 3 4 5 6 |  6.1
Fighting       | 3 4 5 6 7 |  7.9
Short Blades   | 3 4 5 6 7 |  7.9
Stealth        | 3 4 5 6 7 |  7.8
Dodging        | 5 6 7 8 |  8.8
Evocations     | 7 8 9 |  9.9

Action                   |  1- 3 |  4- 6 |  7- 9 | 10-12 || total
-------------------------+-------+-------+-------+-------++-------
Melee: Short sword       |   116 |   112 |    70 |       ||   298
       Bite              |    11 |    14 |    58 |    80 ||   163
       Punch             |       |     2 |    11 |    30 ||    43
       Hand axe          |       |       |   141 |    40 ||   181
       Rapier            |       |       |   194 |   459 ||   653
       Falchion          |       |       |       |    16 ||    16
       War axe           |       |       |       |   115 ||   115
 Fire: Shortbow          |       |       |       |   194 ||   194
 Cast: Call Imp          |       |       |     7 |    30 ||    37
       Conjure Flame     |       |       |       |    24 ||    24
       Mephitic Cloud    |       |       |       |    24 ||    24
       Blink             |       |       |       |    13 ||    13
Invok: Potion Petition   |       |       |       |     1 ||     1
       Call Merchant     |       |       |       |     1 ||     1
Evoke: Wand              |     6 |     7 |    19 |     5 ||    37
  Use: Scroll            |       |     5 |    10 |     7 ||    22
       Potion            |       |       |       |     2 ||     2
 Stab: Sleeping          |     6 |     3 |    18 |     3 ||    30
       Confused          |       |       |     2 |     3 ||     5
       Distracted        |       |       |     1 |     7 ||     8
  Eat: Chunk             |     3 |     6 |     8 |       ||    17
       Ration            |       |       |     3 |     9 ||    12
Armor: Leather armour    |    23 |     8 |    28 |       ||    59
       Ring mail         |       |       |    63 |   209 ||   272
Dodge: Dodged            |    96 |    53 |   262 |   555 ||   966
       Rpst.: Falchion   |       |       |       |     1 ||     1

Table legend:
 A = Spawn XP
 B = Non-spawn XP
 C = Spawn XP percentage of total XP
 D = Spawn monster count
 E = Non-spawn monster count
 F = Spawn count percentage of total count
 G = Total turns spent on level
                    A         B        C        D         E        F      G
               +---------+---------+-------+---------+---------+-------+---------
         Total |       0 |   28342 |   0.0 |       0 |     343 |   0.0 | 16359
               +---------+---------+-------+---------+---------+-------+---------
           D:1 |       0 |      38 |   0.0 |       0 |      22 |   0.0 |   981
           D:2 |       0 |      73 |   0.0 |       0 |      18 |   0.0 |  1280
           D:3 |       0 |     422 |   0.0 |       0 |      21 |   0.0 |  1736
           D:4 |       0 |     635 |   0.0 |       0 |      31 |   0.0 |  1484
           D:5 |       0 |     536 |   0.0 |       0 |       8 |   0.0 |   868
           D:6 |       0 |     759 |   0.0 |       0 |      18 |   0.0 |  1370
           D:7 |       0 |     808 |   0.0 |       0 |      17 |   0.0 |   972
           D:8 |       0 |    1747 |   0.0 |       0 |      36 |   0.0 |   988
           D:9 |       0 |    3416 |   0.0 |       0 |      30 |   0.0 |  1221
          D:10 |       0 |    8545 |   0.0 |       0 |      81 |   0.0 |  2705
          D:11 |       0 |    5603 |   0.0 |       0 |      31 |   0.0 |  1605
        Lair:1 |       0 |    4082 |   0.0 |       0 |      24 |   0.0 |   813
        Lair:2 |       0 |    1678 |   0.0 |       0 |       6 |   0.0 |   263
               +---------+---------+-------+---------+---------+-------+---------
